 Dungeon Crawl Stone Soup version 0.19.4 (console) character file.

30770 Kloppie the Severer (level 13, 0/119 HPs)
             Began as a Minotaur Fighter on Feb 2, 2017.
             Was an Elder of the Shining One.
             Killed from afar by an ice dragon (36 damage)
             ... with a blast of cold
             ... on level 5 of the Lair of Beasts.
             The game lasted 00:27:32 (17081 turns).

Kloppie the Severer (Minotaur Fighter)             Turns: 17081, Time: 00:27:32

Health: 0/119      AC: 26    Str: 28    XL:     13   Next: 22%
Magic:  12/12      EV:  7    Int: 18    God:    the Shining One [****..]
Gold:   841        SH: 14    Dex: 10    Spells: 0 memorised, 12 levels left

rFire  + + .     SeeInvis .     a - +2 broad axe
rCold  . . .     Gourm    .     E - +0 plate armour
rNeg   + + .     Faith    .     c - +1 shield
rPois  .         Spirit   .     (helmet restricted)
rElec  .         Reflect  .     F - +1 cloak
rCorr  .         Harm     .     N - +2 pair of gloves of the Ward {rF+ Int+9}
MR     .....                    (no boots)
Stlth  ..........               z - amulet of rage
                                t - +3 ring of protection
                                J - ring of the Lonely Demons {rF+ Str+2 Int+4}

@: frozen, glowing, drained, very slow
A: retaliatory headbutt, horns 2, rugged brown scales 1, sense surroundings 1,
no device heal 1
a: Divine Shield, Cleansing Flame, Renounce Religion, Evoke Berserk Rage


You were on level 5 of the Lair of Beasts.
You worshipped the Shining One.
The Shining One was greatly pleased with you.
You were not hungry.

You visited 2 branches of the dungeon, and saw 16 of its levels.
You also visited: Labyrinth and Sewer.

You collected 841 gold pieces.

Inventory:

Hand Weapons
 a - a +2 broad axe (weapon)
 b - a +1 war axe of flaming
Armour
 c - a +1 shield (worn)
 n - a +0 pair of gloves
 E - a +0 plate armour (worn)
 F - a +1 cloak (worn)
 N - the +2 pair of gloves of the Ward (worn) {rF+ Int+9}
   (You found it on level 4 of the Lair of Beasts)

   It affects your intelligence (+9).
   It protects you from fire.
Rods
 o - a +0 rod of ignition (11/11)
   (You took it off a minotaur in a labyrinth)
Jewellery
 t - a +3 ring of protection (right hand)
 z - an amulet of rage (around neck)
 J - the ring of the Lonely Demons (left hand) {rF+ Str+2 Int+4}
   (You found it in a labyrinth)

   [ring of protection from fire]

   It affects your strength (+2).
   It affects your intelligence (+4).
   It protects you from fire.
 L - the ring of Eshegh {-Tele rF+ rC+ rN++ MP+9}
   (You found it in a labyrinth)

   [ring of protection from cold]

   It protects you from fire.
   It protects you from cold.
   It greatly protects you from negative energy.
   It affects your magic capacity (+9).
   It prevents most forms of teleportation.
Wands
 g - a wand of acid (5/15)
 r - a wand of enslavement (7/24)
 C - a wand of disintegration (24/24)
 H - a wand of polymorph (14/24)
 K - a wand of acid (4/15)
Scrolls
 e - 3 scrolls of fog
 h - 11 scrolls of remove curse
 i - 7 scrolls of teleportation
 l - 10 scrolls of identify
 u - 2 scrolls of blinking
 y - 3 scrolls of amnesia
 M - a scroll of recharging
Potions
 d - a potion of might
 k - 8 potions of curing
 q - a potion of cancellation
 s - 4 potions of flight
 v - 2 potions of agility
 w - a potion of brilliance
 x - 2 potions of haste
Books
 j - a book of Callings

   Spells                             Type                      Level
   a - Summon Small Mammal            Summoning                    1
   b - Call Imp                       Summoning                    2
   c - Call Canine Familiar           Summoning                    3
   d - Summon Guardian Golem          Hexes/Summoning              3
   e - Summon Lightning Spire         Summoning/Air                4
   f - Summon Ice Beast               Ice/Summoning                4
 G - Gugana's Compendium of Ashen Darkness
   (You found it in a labyrinth)

   Spells                             Type                      Level
   a - Pain                           Necromancy                   1
   b - Sublimation of Blood           Necromancy                   2
   c - Passwall                       Transmutation/Earth          2
   d - Petrify                        Transmutation/Earth          4
 I - a book of Power

   Spells                             Type                      Level
   a - Fulminant Prism                Conjuration/Hexes            4
   b - Iskenderun's Mystic Blast      Conjuration                  4
   c - Venom Bolt                     Conjuration/Poison           5
   d - Bolt of Magma                  Conjuration/Fire/Earth       5
   e - Iron Shot                      Conjuration/Earth            6
   f - Orb of Destruction             Conjuration                  7
   g - Spellforged Servitor           Conjuration/Summoning        7
Comestibles
 f - 7 bread rations
 m - a meat ration
 p - 2 chunks of flesh
 A - 3 beef jerkies
 B - 12 fruits
 D - 8 slices of pizza


   Skills:
 * Level 11.4(10.3) Fighting
 + Level 15.1(13.9) Axes
 - Level 14.6(13.4) Armour
 - Level 12.8(11.6) Shields


You had 12 spell levels left.
You didn't know any spells.

Dungeon Overview and Level Annotations

Branches:
Dungeon (11/15)            Temple (0/1) D:7            Lair (5/6) D:11
 Shoals (0/4) Lair:3       Spider (0/4) Lair:4          Orc (0/2) D:11
  Slime: Lair:5-6

Altars:
Ashenzari
Cheibriados
Dithmenos
Elyvilon
Gozag
Kikubaaqudgha
Makhleb
Nemelex Xobeh
Qazlal
Uskayaw
Vehumet
Yredelemnul
The Shining One


Innate Abilities, Weirdness & Mutations

You reflexively headbutt those who attack you in melee.
You have a pair of horns on your head.
You are partially covered in rugged brown scales. (AC +1, +3% HP)
You passively map a small area around you.
Potions and wands are less effective at restoring your health.


Message History

The ice dragon breathes frost at you. The blast of cold hits you!
* * * LOW HITPOINT WARNING * * *
You hear a deafening roar!
You hear a bellow! x3; You hear a screech!
A rime drake comes into view.
Your plate armour prevents you from hitting the ice dragon.
You headbutt the ice dragon!
The ice dragon is heavily wounded.
The ice dragon bites you but does no damage.
The ice dragon claws you but does no damage.
The ice dragon tramples you but does no damage.
An ice dragon comes into view.
The rime drake breathes ice at you. The flash freeze hits you!
You are encased in ice.
A yak comes into view.
The ice dragon breathes frost at you.
The blast of cold hits the rime drake.
The rime drake resists.
The blast of cold hits you!
You die...

. #....P....
#., ........##
,Y##
......>.##
,D..#.#.#....*
#k#.../..##
#.........# *
,#..†D....##
*##...k..PP#
#####@..P# *
** #......## ,
* , ##....#.#
. # ####...#
,..#. ##....##
*
.....#......#
.....#...<###
..........# ,,
...<......##


You could see 2 ice dragons and 2 rime drakes.

Vanquished Creatures
  Snorg (Lair:4)
  The ghost of Jovan the Slicer, a journeyman HuWn of Okawaru (Lair:5)
  A minotaur (Lab)
  3 hydras
  A centaur warrior (D:9)
  A queen ant (Lair:1)
  Urug (Lair:4)
  An unseen horror (D:10)
  2 hill giants
  An ugly thing (D:11)
  A cyclops (D:11)
  A black mamba (Lair:2)
  2 torpor snails (Lair:4)
  Maurice (D:11)
  7 spiny frogs
  4 komodo dragons
  A troll (D:10)
  3 hippogriffs
  Sigmund (D:3)
  2 redbacks (Lair:4)
  4 hogs (D:7)
  2 wyverns
  A human (D:7)
  A wraith (D:10)
  20 yaks
  A steam dragon (D:11)
  A hungry ghost (D:8)
  4 water moccasins
  20 soldier ants
  5 porcupines
  A black bear (Lair:2)
  4 ice beasts (Lair:5)
  3 sky beasts (D:9)
  5 orc warriors
  A phantom (D:8)
  2 necrophages
  5 centaurs
  16 wolves
  10 ogres
  4 crocodiles
  5 big kobolds
  13 bullfrogs
  5 scorpions
  19 killer bees
  9 wights
  3 howler monkeys
  3 crimson imps
  2 bullfrog zombies
  A centaur zombie (D:8)
  4 jellies
  5 hounds
  2 bullfrog skeletons
  6 orc priests
  11 orc wizards
  Terence (D:3)
  Jessica (D:2)
  26 worker ants
  Natasha (thrice) (D:3)
  5 iguanas
  A hound zombie (D:8)
  2 howler monkey zombies
  3 gnolls (D:5)
  4 river rats (Sewer)
  17 adders
  2 shadow imps
  An ooze (D:1)
  An adder zombie (D:6)
  3 worms
  A dart slug (D:4)
  9 leopard geckos
  59 orcs
  6 giant cockroaches
  6 goblins
  8 hobgoblins
  8 jackals
  7 quokkas
  7 ball pythons
  9 bats
  5 frilled lizards
  38 kobolds
  40 rats
  A rat zombie (D:7)
  8 fungi
  2 plants (D:11)
518 creatures vanquished.

Vanquished Creatures (others)
  A rime drake (Lair:5)
  2 fungi
3 creatures vanquished.

Grand Total: 521 creatures vanquished

Notes
Turn   | Place    | Note
-------+----------+-------------------------------------------
     0 | D:1      | Kloppie the Minotaur Fighter began the quest for the Orb.
     0 | D:1      | Reached XP level 1. HP: 19/19 MP: 0/0
   229 | D:1      | Reached XP level 2. HP: 27/27 MP: 1/1
   250 | D:1      | Reached skill level 3 in Axes
   315 | D:1      | Reached XP level 3. HP: 34/34 MP: 2/2
   809 | D:2      | Found a shadowy altar of Dithmenos.
   867 | D:2      | Found a sparkling altar of Nemelex Xobeh.
   903 | D:2      | Found a basalt altar of Yredelemnul.
   932 | D:2      | Reached skill level 5 in Fighting
  1346 | D:2      | Reached XP level 4. HP: 38/42 MP: 3/3
  1448 | D:2      | Noticed Jessica
  1453 | D:2      | Killed Jessica
  1649 | D:3      | Noticed Natasha
  1672 | D:3      | Killed Natasha
  1672 | D:3      | Reached skill level 4 in Axes
  1704 | D:3      | Noticed Natasha
  1956 | D:3      | Noticed Terence
  1962 | D:3      | Reached XP level 5. HP: 50/50 MP: 4/4
  1974 | D:3      | Killed Terence
  1975 | D:3      | Killed Natasha
  2003 | D:3      | Noticed Natasha
  2012 | D:3      | Killed Natasha
  2077 | D:3      | Noticed Sigmund
  2094 | D:3      | Killed Sigmund
  2094 | D:3      | Reached skill level 5 in Axes
  2094 | D:3      | Reached XP level 6. HP: 22/60 MP: 5/5
  2649 | D:4      | Found a glowing drain.
  2706 | Sewer    | Entered a sewer
  2745 | Sewer    | Reached XP level 7. HP: 58/67 MP: 6/6
  2826 | Sewer    | Reached skill level 6 in Axes
  3444 | D:4      | Reached skill level 5 in Armour
  3721 | D:4      | You fall through a shaft!
  3721 | D:5      | Entered Level 5 of the Dungeon
  3770 | D:5      | Reached skill level 7 in Axes
  3770 | D:5      | Reached XP level 8. HP: 64/75 MP: 7/7
  3823 | D:5      | Reached skill level 8 in Axes
  4586 | D:5      | Reached XP level 9. HP: 17/82 MP: 8/8
  4906 | D:5      | Reached skill level 5 in Shields
  4965 | D:5      | Found a hide-covered altar of Uskayaw.
  5064 | D:5      | Found a glowing golden altar of the Shining One.
  5214 | D:5      | Became a worshipper of the Shining One
  5398 | D:6      | Reached skill level 9 in Axes
  5446 | D:6      | Gained mutation: Potions and wands are less effective at restoring your health. [potion of mutation]
  5446 | D:6      | Gained mutation: You are partially covered in rugged brown scales. (AC +1, +3% HP) [potion of mutation]
  5446 | D:6      | Gained mutation: You passively map a small area around you. [potion of mutation]
  5893 | D:7      | Found a staircase to the Ecumenical Temple.
  6028 | D:7      | Found a burning altar of Makhleb.
  6028 | D:7      | Found an opulent altar of Gozag.
  6029 | D:7      | Found a white marble altar of Elyvilon.
  6042 | D:7      | Found a radiant altar of Vehumet.
  6083 | D:7      | Found an ancient bone altar of Kikubaaqudgha.
  6275 | D:7      | Noticed a hill giant
  6279 | D:7      | Reached skill level 10 in Axes
  6287 | D:7      | Killed a hill giant
  6287 | D:7      | Reached XP level 10. HP: 17/92 MP: 9/9
  6289 | D:7      | Reached skill level 10 in Shields
  7196 | D:8      | Reached * piety under the Shining One
  7410 | D:8      | Reached skill level 11 in Axes
  7819 | D:8      | Reached ** piety under the Shining One
  8475 | D:9      | Noticed a centaur warrior
  8486 | D:9      | Killed a centaur warrior
  8747 | D:9      | Found a shattered altar of Ashenzari.
  8982 | D:9      | Found a stormy altar of Qazlal.
  9076 | D:9      | Reached XP level 11. HP: 97/97 MP: 10/10
  9265 | D:10     | Entered Level 10 of the Dungeon
  9407 | D:10     | Noticed a hill giant
  9418 | D:10     | Killed a hill giant
  9418 | D:10     | Reached skill level 12 in Axes
  9424 | D:10     | Found an opulent altar of Gozag.
  9531 | D:10     | Noticed an unseen horror
  9531 | D:10     | Reached *** piety under the Shining One
  9541 | D:10     | Killed an unseen horror
 10022 | D:11     | Reached skill level 10 in Armour
 10039 | D:11     | Found a staircase to the Lair.
 10065 | D:11     | Noticed Maurice
 10085 | D:11     | Killed Maurice
 10478 | D:11     | Noticed a green ugly thing
 10486 | D:11     | Killed a green ugly thing
 10866 | D:11     | Found a staircase to the Orcish Mines.
 11094 | Lair:1   | Entered Level 1 of the Lair of Beasts
 11182 | Lair:1   | Noticed a six-headed hydra
 11194 | Lair:1   | Killed a one-headed hydra
 11198 | Lair:1   | Reached skill level 13 in Axes
 11974 | Lair:2   | Noticed a queen ant
 12009 | Lair:1   | Killed a queen ant
 12009 | Lair:1   | Reached XP level 12. HP: 83/106 MP: 11/11
 12089 | Lair:2   | Reached **** piety under the Shining One
 13331 | Lair:3   | Reached skill level 14 in Axes
 13643 | Lair:3   | Found a staircase to the Shoals.
 13976 | Lair:4   | Found a labyrinth entrance.
 13988 | Lab      | Entered a labyrinth
 15616 | Lab      | Noticed a minotaur
 15631 | Lab      | HP: 7/159 [minotaur/rod of ignition (10)]
 15631 | Lab      | HP: 1/159 [minotaur/rod of ignition (6)]
 15637 | Lab      | Killed a minotaur
 15959 | Lab      | Identified Gugana's Compendium of Ashen Darkness
 15960 | Lab      | Got a heavily runed turquoise ring
 15960 | Lab      | Got a brightly glowing bone ring
 15966 | Lair:4   | Identified the ring of the Lonely Demons {rF+ Str+2 Int+4} (You found it in a labyrinth)
 15968 | Lair:4   | Identified the ring of Eshegh {-Tele rF+ rC+ rN++ MP+9} (You found it in a labyrinth)
 15989 | Lair:4   | Noticed Urug
 16009 | Lair:4   | Killed Urug
 16086 | Lair:4   | Found a hole to the Spider Nest.
 16094 | Lair:4   | Noticed an eight-headed hydra
 16104 | Lair:4   | Killed a four-headed hydra
 16248 | Lair:4   | Got a pair of jewelled gloves
 16259 | Lair:4   | Identified the +2 pair of gloves of the Ward {rF+ Int+9} (You found it on level 4 of the Lair of Beasts)
 16370 | Lair:4   | Found a snail-covered altar of Cheibriados.
 16500 | Lair:4   | Reached skill level 10 in Fighting
 16559 | Lair:4   | Noticed Snorg
 16562 | Lair:4   | Noticed a five-headed hydra
 16589 | Lair:4   | Killed Snorg
 16600 | Lair:4   | Killed a two-headed hydra
 16600 | Lair:4   | Reached XP level 13. HP: 117/117 MP: 12/12
 16670 | Lair:4   | Reached skill level 15 in Axes
 17001 | Lair:5   | Noticed Jovan's ghost (journeyman HuWn)
 17055 | Lair:5   | Killed Jovan's ghost
 17081 | Lair:5   | Killed from afar by an ice dragon

Skill      XL: |  1  2  3  4  5  6  7  8  9 10 11 12 13 |
---------------+----------------------------------------+-----
Fighting       | 4 5 6 7 8 10 11 | 11.4
Axes           | 3 4 5 7 8 10 11 13 14 15 | 15.1
Armour         | 5 8 12 14 | 14.6
Shields        | 4 9 12 | 12.8

Action                   |  1- 3 |  4- 6 |  7- 9 | 10-12 | 13-15 || total
-------------------------+-------+-------+-------+-------+-------++-------
Melee: War axe           |    83 |   142 |   318 |   296 |       ||   839
       Headbutt          |    13 |    17 |    51 |   129 |     9 ||   219
       Broad axe         |       |       |       |   383 |    74 ||   457
  Use: Potion            |       |     5 |    11 |    11 |       ||    27
       Scroll            |       |     9 |     2 |    10 |       ||    21
  Eat: Chunk             |     2 |     4 |    12 |    29 |     2 ||    49
       Meat ration       |       |       |       |     1 |       ||     1
       Royal jelly       |       |       |       |     1 |       ||     1
Armor: Scale mail        |    44 |    17 |       |       |       ||    61
       Chain mail        |       |    48 |   144 |     9 |       ||   201
       Plate armour      |       |       |       |   243 |    48 ||   291
       Skin              |       |       |       |    11 |       ||    11
Dodge: Dodged            |    41 |    33 |    71 |   131 |     8 ||   284
Block: Shield            |    51 |    72 |   195 |   482 |    39 ||   839
